 Dungeon Crawl Stone Soup version 0.24.0-7-gb3623d2c88 (webtiles) character file.

Game seed: 13600083322336205298, levelgen mode: deterministic

38287 Fv001 the Corrupter of Planes (level 14, -2/109 HPs)
             Began as a Formicid Abyssal Knight on Nov 2, 2019.
             Was the Champion of Lugonu.
             Slain by a death yak (19 damage)
             ... on level 4 of the Lair of Beasts.
             The game lasted 01:16:06 (23679 turns).

Fv001 the Corrupter of Planes (FoAK)               Turns: 23679, Time: 01:16:07

Health: -2/109     AC: 19    Str: 21    XL:     14   Next: 33%
Magic:  0/24       EV:  9    Int: 13    God:    Lugonu [******]
Gold:   1059       SH: 11    Dex: 10    Spells: 13/13 levels left

rFire    . . .     SeeInvis +   a - +3 broad axe
rCold    . . .     Gourm    .   P - +0 shield
rNeg     . . .     Faith    .   h - +0 plate armour (curse)
rPois    .         Spirit   +   (helmet unavailable)
rElec    .         Reflect  .   (no cloak)
rCorr    .         Harm     .   o - +1 pair of gloves
MR       ++...                  L - +1 pair of boots
Stlth    ..........             J - amulet of guardian spirit
HPRegen  0.28/turn              i - +4 ring of slaying
MPRegen  0.19/turn              r - ring of protection from magic

@: no status effects
A: permanent stasis, dig shafts and tunnels, four strong arms, antennae 3
a: Dig, Shaft Self, Depart the Abyss, Bend Space, Banish, Corrupt, Enter the
Abyss, Brand Weapon With Distortion, Renounce Religion


You were on level 4 of the Lair of Beasts.
You worshipped Lugonu.
Lugonu was exalted by your worship.
You were not hungry.

You visited 3 branches of the dungeon, and saw 17 of its levels.
You visited the Abyss 1 time.

You collected 2006 gold pieces.
You spent 947 gold pieces at shops.

Inventory:

Hand Weapons
 a - a +3 broad axe (weapon)
 b - a +1 shortbow
 c - a +1 great mace of venom
 d - a +1 whip of freezing
 C - a +1 battleaxe
 N - the +7 mace "Jiutame" {crush, rPois Int+3 Stlth-}
   (You found it on level 2 of the Lair of Beasts)

   It inflicts extra damage upon your enemies.
   It affects your intelligence (+3).
   It protects you from poison.
   It makes you less stealthy.
Missiles
 n - 276 arrows
Armour
 f - a cursed +0 chain mail
 h - a cursed +0 plate armour (worn)
 o - a +1 pair of gloves (worn)
 L - a +1 pair of boots (worn)
 P - a +0 shield (worn)
Jewellery
 i - a +4 ring of slaying (left hand)
 r - a ring of protection from magic (right hand)
 I - an uncursed ring of ice
 J - an amulet of guardian spirit (around neck)
 R - an uncursed ring of flight
Wands
 w - a wand of flame (14)
 E - a wand of acid (4)
 F - a wand of random effects (20)
 H - a wand of digging (6)
 K - a wand of paralysis (12)
Scrolls
 e - a scroll of random uselessness {unknown}
 g - 3 scrolls of fog
 j - a scroll of acquirement {unknown}
 k - 12 scrolls of remove curse
 l - 2 scrolls of immolation {unknown}
 m - 5 scrolls of magic mapping
 p - 2 scrolls of fear
 q - 2 scrolls of amnesia {unknown}
 y - a scroll of summoning
 B - a scroll of blinking {unknown}
 Q - a scroll of enchant armour {unknown}
Potions
 s - a potion of invisibility {unknown}
 t - a potion of lignification
 u - 2 potions of brilliance
 x - a potion of ambrosia {unknown}
 z - 3 potions of cancellation
 D - 2 potions of agility
 G - a potion of berserk rage {unknown}
 M - a potion of mutation {unknown}
 O - a potion of curing
 S - 2 potions of flight
Comestibles
 v - 25 rations
 A - 4 chunks of flesh


   Skills:
 + Level 9.7 Fighting
 * Level 11.6 Axes
 + Level 5.6 Bows
 + Level 9.5 Armour
 + Level 7.6 Dodging
 + Level 8.6 Shields
 * Level 13.6 Invocations


You had 13 spell levels left.
You didn't know any spells.
Your spell library contained the following spells:

 Spells                   Type           Power        Failure   Level  Hunger
 Sandblast                Erth           #.....       99%         1    ##.....
 Passwall                 Tmut/Erth      #.......     100%        2    ###....
 Stone Arrow              Conj/Erth      #.....       100%        3    ####...
 Petrify                  Tmut/Erth      #.......     100%        4    #####..
 Bolt of Magma            Conj/Fire/Erth #.........   100%        5    ######.
 Iskenderun's Battlesphe  Conj/Chrm      #.......     100%        5    ######.
 Lee's Rapid Deconstruct  Erth           #.........   100%        5    ######.
 Venom Bolt               Conj/Pois      #.........   100%        5    ######.
 Iron Shot                Conj/Erth      #.........   100%        6    #######
 Orb of Destruction       Conj           #.........   100%        7    #######
 Spellforged Servitor     Conj/Summ      #.........   100%        7    #######


Dungeon Overview and Level Annotations

Branches:
Dungeon (11/15)            Temple (0/1) D:5            Lair (4/6) D:11
 Shoals (0/4) Lair:2       Spider (0/4) Lair:2          Orc (2/2) D:9
    Elf (0/3) Orc:2

Altars:
Ashenzari
Cheibriados
Nemelex Xobeh
Qazlal
Zin
Beogh

Shops:
D:9 =   Orc:2 **?}

Annotations:
Lair:1 1 runed translucent door, Mokkuy's ghost, journeyman HuWn
Lair:3 exclusion: 2 oklob plants
Abyss:1 Harold; Sonja


Innate Abilities, Weirdness & Mutations

You cannot be hasted, slowed, berserked, paralysed or teleported.
You can dig through walls and to a lower floor.
Your four strong arms can wield two-handed weapons with a shield.
You have a pair of large antennae on your head. (SInv)


Message History

The death yak is lightly wounded.
The bolt of acid misses the death yak.
The bolt of acid hits the death yak!
The death yak is splashed with acid.
The acid corrodes the death yak!
The death yak is heavily wounded.
The death yak gores you!
* * * LOW HITPOINT WARNING * * *
Evoke which item? (* to show all) (? for menu, Esc to quit)
Aiming: Corrosive Bolt
Press: ? - help, Shift-Dir - straight line, f/p - death yak
Aim: a death yak (heavily wounded, covered in acid)
The bolt of acid hits the death yak!
The death yak is splashed with acid.
The death yak seems to be corroded for longer.
The death yak is moderately wounded.
The bolt of acid hits the death yak!
The death yak is splashed with acid.
The death yak is lightly wounded.
The bolt of acid hits the death yak!
The death yak is splashed with acid!
The death yak seems to be corroded for longer.
The death yak is almost dead.
The death yak gores you!!
You die...

##.........##.....
#P........#.....##
#...............##
##.............P#.
#............####
##...........P##.
#.....###........
####...# ###÷.....
#@#...## ##.....#
#Y##.[# #P...###
#Y##..# #.....#.
#Y#...# ##......
##†#..# #......
###..# #.#...#
#..# ####### #..P
#...#


You could see 3 death yaks.

Vanquished Creatures
  2 hydras
  A two-headed ogre (Orc:2)
  2 death yaks (Lair:4)
  Pikel (D:5)
  6 orc knights (Orc:2)
  A deep elf mage (D:11)
  An orc sorcerer (Orc:2)
  6 elephants (Lair:1)
  A black mamba (Lair:1)
  Psyche (D:9)
  6 spiny frogs
  2 komodo dragons (Lair:1)
  2 trolls
  21 blink frogs
  7 hippogriffs
  A redback (Lair:2)
  23 yaks
  A wraith (D:11)
  5 wyverns
  2 basilisks
  6 wargs (Orc:2)
  6 water moccasins
  4 sky beasts
  7 porcupines
  41 orc warriors
  An ice beast (D:11)
  The ghost of Mrkan the Skirmisher, an amateur MiFi of Yredelemnul (D:3)
  2 black bears
  2 phantoms
  A necrophage (D:11)
  8 ogres
  12 wolves (Lair:4)
  3 centaurs
  8 crocodiles
  A big kobold (D:8)
  14 bullfrogs
  2 wyvern zombies
  9 killer bees (D:11)
  5 electric eels (Lair:2)
  5 howler monkeys
  9 crimson imps
  A bullfrog zombie (D:6)
  3 hounds
  7 jellies
  9 orc priests
  A centaur skeleton (D:9)
  A bullfrog skeleton (D:11)
  9 iguanas
  22 orc wizards
  6 worker ants
  A hound skeleton (D:11)
  7 gnolls
  2 howler monkey skeletons
  13 adders
  2 shadow imps
  6 oozes
  2 adder zombies
  A worm (D:2)
  2 dart slugs
  8 leopard geckos
  74 orcs
  7 bats
  9 giant cockroaches
  10 goblins
  7 hobgoblins
  19 jackals
  6 quokkas
  3 ball pythons
  5 frilled lizards
  A jackal skeleton (D:4)
  10 kobolds
  A leopard gecko skeleton (D:6)
  A quokka skeleton (D:6)
  3 quokka zombies
  6 rats
  2 plants
506 creatures vanquished.

Vanquished Creatures (others)
  2 two-headed ogres
  A death yak (Lair:4)
  An orc sorcerer (Orc:1)
  A vampire (D:11)
  2 bushes (D:11)
  7 fungi
  14 plants
  A withered plant (D:3)
29 creatures vanquished.

Grand Total: 535 creatures vanquished

Notes
Turn   | Place    | Note
-------+----------+-------------------------------------------
     0 | Abyss:1  | Fv001 the Formicid Abyssal Knight began the quest for the
                  | Orb.
     0 | Abyss:1  | Reached XP level 1. HP: 18/18 MP: 2/2
    20 | Abyss:2  | Noticed a small abomination
    21 | Abyss:2  | Noticed a small abomination
    52 | Abyss:3  | Noticed a raiju
    53 | D:1      | Escaped the Abyss
   234 | D:1      | Reached skill level 1 in Dodging
   234 | D:1      | Reached XP level 2. HP: 24/24 MP: 3/3
   355 | D:1      | Reached XP level 3. HP: 24/29 MP: 4/4
   939 | D:2      | Reached * piety under Lugonu
   995 | D:2      | Reached skill level 3 in Invocations
  1100 | D:2      | Reached XP level 4. HP: 37/37 MP: 6/6
  1898 | D:3      | Found a snail-covered altar of Cheibriados.
  2076 | D:3      | Reached ** piety under Lugonu
  2174 | D:3      | Reached XP level 5. HP: 42/42 MP: 7/7
  2410 | D:3      | Found a runed translucent door.
  2410 | D:3      | Noticed Mrkan's ghost (amateur MiFi)
  2667 | D:4      | Reached skill level 4 in Invocations
  2667 | D:4      | Reached XP level 6. HP: 45/48 MP: 7/9
  3347 | D:5      | Entered Level 5 of the Dungeon
  3606 | D:5      | Reached XP level 7. HP: 42/55 MP: 10/10
  3879 | D:5      | Noticed Pikel
  3905 | D:5      | Killed Pikel
  3905 | D:5      | Reached skill level 5 in Fighting
  3905 | D:5      | Reached skill level 5 in Axes
  3905 | D:5      | Reached skill level 6 in Invocations
  3905 | D:5      | Reached XP level 8. HP: 55/62 MP: 10/12
  3994 | D:5      | Found a staircase to the Ecumenical Temple.
  4030 | D:5      | Reached *** piety under Lugonu
  4860 | D:6      | Reached skill level 7 in Invocations
  4860 | D:6      | Reached XP level 9. HP: 67/68 MP: 14/14
  5080 | D:6      | Found a sparkling altar of Nemelex Xobeh.
  5491 | D:7      | Reached skill level 1 in Shields
  5493 | D:7      | Noticed a hippogriff
  5494 | D:7      | Noticed a hippogriff
  5525 | D:6      | Killed a hippogriff
  5525 | D:6      | Reached skill level 5 in Armour
  5745 | D:6      | Killed a hippogriff
  6146 | D:7      | Reached skill level 8 in Invocations
  6309 | D:7      | Found a shattered altar of Ashenzari.
  6310 | D:7      | Found a stormy altar of Qazlal.
  6402 | D:8      | Noticed a two-headed ogre
  6406 | D:8      | Reached **** piety under Lugonu
  6406 | D:8      | Banished a two-headed ogre
  6406 | D:8      | Reached skill level 1 in Bows
  6406 | D:8      | Reached XP level 10. HP: 76/76 MP: 16/16
  6890 | D:8      | Found a shattered altar of Ashenzari.
  6996 | D:8      | Reached skill level 9 in Invocations
  7276 | D:9      | Found a staircase to the Orcish Mines.
  7358 | D:9      | Noticed Psyche
  7369 | D:9      | Killed Psyche
  7578 | D:9      | Found Fysiteuho's Jewellery Emporium.
  7581 | D:9      | Bought an uncursed amulet of guardian spirit for 360 gold
                  | pieces
  7811 | D:10     | Entered Level 10 of the Dungeon
  8129 | D:10     | Noticed a two-headed ogre
  8130 | D:10     | Noticed Harold
  8132 | D:10     | Banished a two-headed ogre
  8132 | D:10     | Reached skill level 5 in Dodging
  8133 | D:10     | Banished Harold
  8151 | D:10     | Reached XP level 11. HP: 65/84 MP: 9/18
  8705 | D:10     | Reached ***** piety under Lugonu
  9266 | D:11     | Reached skill level 10 in Invocations
  9565 | D:11     | Found a staircase to the Lair.
  9602 | D:11     | Reached skill level 5 in Shields
 11058 | D:11     | Found a glowing silver altar of Zin.
 11058 | D:11     | Noticed a deep elf mage
 11071 | D:11     | Killed a deep elf mage
 11378 | Lair:1   | Entered Level 1 of the Lair of Beasts
 11390 | Lair:1   | Noticed an elephant
 11420 | Lair:1   | Killed an elephant
 11420 | Lair:1   | Reached XP level 12. HP: 60/92 MP: 15/20
 11427 | Lair:1   | Reached skill level 11 in Invocations
 11684 | Lair:1   | Found a runed translucent door.
 11689 | Lair:1   | Noticed Mokkuy's ghost (journeyman HuWn)
 13436 | Lair:1   | Reached skill level 10 in Axes
 14776 | Lair:2   | Noticed an eight-headed hydra
 14777 | Lair:2   | Banished an eight-headed hydra
 14835 | Lair:1   | Reached skill level 12 in Invocations
 14967 | Lair:1   | Reached XP level 13. HP: 39/99 MP: 10/22
 15594 | D:3      | Killed Mrkan's ghost
 15867 | Orc:1    | Entered Level 1 of the Orcish Mines
 16215 | Orc:1    | Found a roughly hewn altar of Beogh.
 16371 | Orc:2    | Entered Level 2 of the Orcish Mines
 16374 | Orc:2    | Found a staircase to the Elven Halls.
 17275 | Orc:2    | Found a roughly hewn altar of Beogh.
 17466 | Orc:2    | Found Puleruro's Assorted Antiques.
 17470 | Orc:2    | Found Qiogotit's Assorted Antiques.
 17532 | Orc:2    | Reached ****** piety under Lugonu
 17866 | Orc:2    | Bought a scroll of fog for 80 gold pieces
 17866 | Orc:2    | Bought a potion of curing for 120 gold pieces
 17876 | Orc:2    | Bought a shield for 157 gold pieces
 18478 | Orc:2    | Reached skill level 5 in Bows
 18979 | Orc:2    | Found a roughly hewn altar of Beogh.
 19057 | Orc:2    | Found Lim Meru's Magic Scroll Boutique.
 19057 | Orc:2    | Found Umogeudu's Gadget Emporium.
 19076 | Orc:2    | Bought a scroll of summoning for 95 gold pieces
 19076 | Orc:2    | Bought a scroll of identify for 20 gold pieces
 19076 | Orc:2    | Bought a scroll of identify for 20 gold pieces
 19076 | Orc:2    | Bought a scroll of enchant weapon for 75 gold pieces
 19076 | Orc:2    | Bought a scroll of identify for 20 gold pieces
 19773 | Orc:2    | Reached skill level 13 in Invocations
 19827 | Orc:2    | Found a roughly hewn altar of Beogh.
 20322 | Lair:2   | Got an ichor-stained mace
 20323 | Lair:2   | Identified the +7 mace "Jiutame" {crush, rPois Int+3
                  | Stlth-} (You found it on level 2 of the Lair of Beasts)
 20330 | Lair:2   | Found a staircase to the Shoals.
 21290 | Lair:2   | Noticed Sonja
 21329 | Lair:2   | Banished Sonja
 21721 | Lair:2   | Found a hole to the Spider Nest.
 22094 | Lair:3   | Reached XP level 14. HP: 82/108 MP: 17/23
 23679 | Lair:4   | Slain by a death yak

Levels and vault maps discovered:
D:1:      minmay_arrival_solitary_statue, layout_basic, minmay_tetromino_s4
D:2:      layout_basic, palyth_stone_intersect
D:3:      layout_basic, nicolae_overflow_hidden_temple, gammafunk_ghost_grave
D:4:      kennysheep_the_goblin_king, layout_layer_cave, first_ration
D:5:      layout_basic, minmay_temple_entry_statues_pillars, uniq_pikel
D:6:      layout_loops_ring, nicolae_overflow_crystal_walls,
          minmay_tree_intersection
D:7:      layout_basic, amethyst_overflow_temple_binary
D:8:      layout_rooms, nicolae_ashenzari_panopticon
D:9:      layout_roguey, orc_0_dummy, serial_shops, kennysheep_mini, uniq_psyche
D:10:     layout_gridville, hangedman_little_slice_of_home, uniq_harold
D:11:     layout_loops_ring, minmay_lair_entry_grove, david_defended_altar_elf
Lair:1:   layout_layer_cave, ebering_ghost_reflecting_pool, beast_lair_carwin_5,
          grunt_megastairs_5
Lair:2:   layout_regular_city, shoals_dummy_entry, spider_nest_entry_a,
          infiniplex_staircase_pool, serial_bayou_shore_a, uniq_sonja
Lair:3:   layout_regular_city, minmay_lair_oklob_chamber
Lair:4:   layout_layer_cave
Orc:1:    layout_caves, basic_altar
Orc:2:    st_orc_town, layout_diamond_mine, basic_altar, minmay_orc_temple_b

Skill      XL: |  1  2  3  4  5  6  7  8  9 10 11 12 13 |
---------------+----------------------------------------+-----
Dodging        | 1 2 3 4 5 6 7 |  7.6
Invocations    | 3 4 6 7 8 9 10 12 13 | 13.6
Axes           | 3 5 7 8 9 10 11 | 11.6
Fighting       | 4 5 6 7 8 9 |  9.7
Armour         | 3 4 5 6 7 8 9 |  9.5
Shields        | 2 4 5 7 8 |  8.6
Bows           | 1 2 3 4 5 |  5.6

Action                   |  1- 3 |  4- 6 |  7- 9 | 10-12 | 13-15 || total
-------------------------+-------+-------+-------+-------+-------++-------
Melee: Hand axe          |    96 |   174 |   257 |   401 |       ||   928
       Broad axe         |       |       |       |   260 |   652 ||   912
       Great mace        |       |       |       |       |    13 ||    13
 Fire: Shortbow          |       |       |    18 |   162 |   244 ||   424
Invok: Depart the Abyss  |     1 |       |       |       |       ||     1
       Banish            |       |       |       |     8 |     4 ||    12
       Bend Space        |       |       |       |     1 |     1 ||     2
 Abil: Dig               |     1 |     2 |     1 |    13 |     9 ||    26
Evoke: Wand              |       |       |       |     3 |     4 ||     7
  Use: Scroll            |     3 |     1 |     9 |     2 |     5 ||    20
       Potion            |       |       |     3 |     3 |     7 ||    13
 Stab: Paralysed         |       |       |       |     2 |       ||     2
  Eat: Chunk             |     1 |     8 |    10 |    28 |    23 ||    70
       Ration            |       |       |       |     1 |     2 ||     3
Armor: Plate armour      |    71 |   105 |   152 |   309 |   208 ||   845
       Leather armour    |     4 |       |       |       |       ||     4
Dodge: Dodged            |    27 |    53 |    90 |   206 |   173 ||   549
Block: Buckler           |       |       |    18 |   140 |    49 ||   207
       Shield            |       |       |       |       |   212 ||   212
